Map: Torches LE

Players

SubN

  • Race: Zerg Zerg
  • League: Platinum
  • Spawn Location: 5:00

Beastin - Winner!

  • Race: Terran Terran
  • League: Diamond
  • Spawn Location: 1:00

VOD

Have the link to the VOD?

Description

Time

  • Played on: July 19, 2025, 7:54 p.m.
  • Length: 6:56
Show
View Real Time Build Order
Export as new Build Order

SubN Zerg 

Build Orders: Pool First 

Get SALT Encoding   

  12  0:00  Drone  
  13  0:12  Overlord  
  14  0:21  Drone  
  14  0:30  Drone x2  
  16  0:35  Drone  
  17  0:44  Extractor  
  16  0:50  Spawning Pool  
  16  0:52  Drone  
  16  0:58  Drone  
  17  1:06  Drone  
  18  1:17  Hatchery  
  17  1:22  Drone  
  18  1:30  Drone  
  19  1:36  Queen  
  21  1:42  Overlord  
  21  1:51  Zergling x2  
  22  1:58  Metabolic Boost  
  22  2:01  Zergling x2  
  23  2:13  Zergling x2  
  23  2:14  Queen  
  26  2:26  Zergling x2  
  27  2:38  Zergling x4  
  27  2:40  Queen  
  31  2:46  Zergling x8  
  35  2:55  Lair  
  35  3:04  Drone  
  36  3:15  Overlord x2  
  36  3:29  Overlord  
  36  3:33  Queen  
  38  3:37  Drone x2  
  40  3:53  Overlord  
  40  3:56  Overseer  
  40  4:03  Hatchery  
  40  4:06  Drone  
  32  4:21  Roach Warren  
  32  4:22  Drone x2  
  33  4:37  Drone x6  
  39  4:45  Drone  
  40  4:47  Baneling Nest  
  40  4:48  Drone  
  40  4:51  Extractor  
  40  4:52  Overseer  
  38  5:06  Drone x6  
  44  5:14  Glial Reconstitution  
  44  5:16  Drone x3  
  44  5:20  Extractor  
  46  5:23  Extractor  
  46  5:24  Drone x3  
  48  5:30  Queen  
  50  5:36  Centrifugal Hooks  
  50  5:39  Overlord  
  50  5:46  Drone x2  
  52  5:52  Drone x6  
  52  5:56  Drone  
  59  6:00  Spire  
  58  6:04  Drone x2  
  58  6:05  Drone  
  58  6:10  Zergling x2  
  58  6:11  Zergling x4  
  64  6:19  Roach x3  
  64  6:22  Baneling x2  
  64  6:24  Zergling x6  
  73  6:37  Baneling x6  
Show
View Real Time Build Order
Export as new Build Order

Beastin Terran - Winner!

Build Orders: Reaper Expand 

Get SALT Encoding   

  12  0:00  SCV  
  13  0:12  SCV  
  14  0:20  Supply Depot  
  14  0:24  SCV  
  15  0:41  SCV  
  16  0:43  Barracks  
  16  0:49  Refinery  
  16  0:53  SCV  
  17  1:06  SCV  
  18  1:18  SCV  
  19  1:30  Orbital Command  
  19  1:32  Reaper  
  20  1:42  Command Center  
  20  1:49  Supply Depot  
  20  1:56  SCV  
  21  2:04  Marine  
  22  2:09  Factory  
  22  2:16  SCV  
  22  2:18  Refinery  
  23  2:27  Barracks Reactor  
  23  2:28  SCV  
  24  2:41  Barracks  
  24  2:45  SCV  
  24  2:54  Factory Tech Lab  
  24  2:57  Orbital Command  
  24  3:01  Starport  
  24  3:03  Marine  
  24  3:04  Marine  
  24  3:05  SCV  
  27  3:08  Supply Depot  
  27  3:17  SCV  
  28  3:24  Siege Tank  
  31  3:29  Barracks Tech Lab  
  31  3:30  Marine x2  
  31  3:33  Orbital Command  
  33  3:36  SCV  
  34  3:47  Marine  
  34  3:48  Marine  
  36  4:02  Siege Tank  
  39  4:05  Marine x2  
  39  4:06  Orbital Command  
  36  4:13  Medivac  
  36  4:14  Marine  
  38  4:19  Barracks  
  38  4:21  Barracks  
  38  4:22  SCV  
  38  4:23  Marine x2  
  41  4:33  SCV  
  41  4:34  SCV  
  43  4:41  Marine x2, Siege Tank  
  43  4:45  SCV  
  49  4:46  SCV  
  49  4:47  Refinery  
  49  4:50  Supply Depot  
  49  4:51  Supply Depot  
  50  4:56  Stimpack  
  50  4:57  SCV  
  50  4:58  SCV  
  52  5:09  SCV  
  52  5:10  SCV  
  52  5:12  Engineering Bay  
  52  5:13  Barracks Tech Lab, Barracks Reactor  
  54  5:20  Marine x3  
  57  5:22  Medivac  
  59  5:29  Supply Depot  
  59  5:34  SCV  
  60  5:36  Marine  
  60  5:38  Marine  
  60  5:39  Missile Turret x2  
  60  5:40  SCV  
  63  5:46  Marine  
  63  5:48  Marine  
  65  5:52  Supply Depot  
  65  5:54  Marine  
  65  5:56  SCV x2  
  68  5:59  Marine x2  
  68  6:01  Siege Tank  
  73  6:10  Medivac  
  73  6:11  Marine x2  
  76  6:17  Supply Depot  
  77  6:20  Marine  
  78  6:29  Marine  
  79  6:36  Marine x4  
Tags
 
Add a new tag
Caveats
  • Supply blocks, unpowered buildings, or Contaminate may cause inaccurate times.
  • Supply counts are checked every 10 seconds.